 Dungeon Crawl Stone Soup version 0.19.0-22-gd96e5fe (console) character file.

190672 nht the Severer (level 17, -5/149 HPs)
             Began as a Minotaur Hunter on Nov 19, 2016.
             Was the Champion of Okawaru.
             Slain by a vampire knight
             ... wielding a +0 glaive
              (10 damage)
             ... on level 1 of the Depths.
             The game lasted 01:37:06 (35454 turns).

nht the Severer (Minotaur Hunter)                  Turns: 35454, Time: 01:37:07

Health: -5/149     AC: 32    Str: 28    XL:     17   Next: 55%
Magic:  21/23      EV: 19    Int: 12    God:    Okawaru [******]
Gold:   1905       SH:  0    Dex: 23    Spells: 0 memorised, 16 levels left

rFire  . . .     SeeInvis +     a - +5 battleaxe (freeze)
rCold  . . .     Gourm    .     c - +2 crystal plate armour
rNeg   + . .     Faith    .     (shield currently unavailable)
rPois  +         Spirit   .     G - +0 hat {MR+}
rElec  .         Reflect  .     p - +0 cloak {rPois}
rCorr  +         Harm     .     S - +0 pair of gloves of Hepliaklqana's Scorn {rCorr Dex+2} (curse)
MR     +++..                    R - +0 pair of boots of Pomamad {*Contam Int+4 Dex+4}
Stlth  ..........               (no amulet)
                                C - ring of Mosimid {+Fly SInv}
                                e - ring of positive energy

@: mighty, agile, heroism, finesse, heavily drained
A: retaliatory headbutt, horns 2, talons 1, see invisible, magic resistance 1,
evolution 1
a: Heroism, Finesse, Renounce Religion, Evoke Flight
}: 1/15 runes: decaying


You were on level 1 of the Depths.
You worshipped Okawaru.
Okawaru was exalted by your worship.
You were hungry.

You visited 7 branches of the dungeon, and saw 30 of its levels.
You visited the Abyss 1 time.
You also visited: Ice Cave and Volcano.

You collected 2851 gold pieces.
You spent 946 gold pieces at shops.

Inventory:

Hand Weapons
 a - a +5 battleaxe of freezing (weapon)
 d - a +0 arbalest
 y - a +5 vampiric battleaxe
 B - a +2 battleaxe of flaming
 K - the +6 hand crossbow of the Unliving {flame, rPois}
   (Okawaru gifted it to you on level 2 of the Swamp)

   It causes projectiles fired from it to burn those they strike, causing extra
   injury to most foes and up to half again as much damage against particularly
   susceptible opponents.
   It protects you from poison.
Missiles
 t - 404 bolts
Armour
 c - a +2 crystal plate armour (worn)
 p - a +0 cloak of poison resistance (worn)
 G - a +0 hat of magic resistance (worn)
 R - the +0 pair of boots of Pomamad (worn) {*Contam Int+4 Dex+4}
   (Okawaru gifted it to you on level 13 of the Dungeon)

   It affects your intelligence (+4).
   It affects your dexterity (+4).
   It causes magical contamination when unequipped.
 S - the cursed +0 pair of gloves of Hepliaklqana's Scorn (worn) {rCorr Dex+2}
   (You found it in an ice cave)

   It affects your dexterity (+2).
   It protects you from acid and corrosion.
   It has a curse placed upon it.
Jewellery
 e - a ring of positive energy (left hand)
 A - an uncursed ring of fire
 C - the ring of Mosimid (right hand) {+Fly SInv}
   (You found it on level 4 of the Swamp)

   [ring of flight]

   It lets you see invisible.
   It lets you fly.
 J - an uncursed ring of ice
Wands
 b - a wand of teleportation (4/9)
 j - a wand of teleportation (2/9)
 n - a wand of hasting (6/9)
 s - a wand of confusion (8/48)
 w - a wand of heal wounds (2/9)
 E - a wand of digging (9/24)
 M - a wand of teleportation (6/9)
 N - a wand of flame (3/48)
 U - a wand of acid (0/15)
Scrolls
 g - 8 scrolls of remove curse
 h - 4 scrolls of enchant weapon
 q - a scroll of teleportation
 r - 4 scrolls of enchant armour
 D - 7 scrolls of identify
 F - a scroll of fog
 H - 3 scrolls of magic mapping
 I - a scroll of holy word {unknown}
 L - 3 scrolls of recharging
 O - a scroll of fear
 T - 2 scrolls of blinking
Potions
 k - 3 potions of flight
 v - 9 potions of curing
 x - a potion of cancellation
 z - a potion of haste
 Q - 2 potions of berserk rage
Comestibles
 f - 15 bread rations
 i - 13 meat rations
 l - 2 royal jellies
 m - 17 fruits


   Skills:
 - Level 13.0(16.0) Fighting
 - Level 20.0(22.7) Axes
 - Level 18.4(21.1) Crossbows
 + Level 15.1(18.0) Armour
 - Level 7.7(10.9) Dodging
 - Level 0.7(4.2) Stealth
 - Level 10.0(8.4) Invocations


You had 16 spell levels left.
You didn't know any spells.

Dungeon Overview and Level Annotations

Branches:
Dungeon (15/15)            Temple (1/1) D:4            Lair (6/6) D:8
  Swamp (4/4) Lair:2        Snake (1/4) Lair:3        Slime (0/5) Lair:5
    Orc (2/2) D:12            Elf (0/3) Orc:2        Vaults (0/5) D:13
 Depths (1/5) D:15

Altars:
Ashenzari
Cheibriados
Dithmenos
Elyvilon
Fedhas
Gozag
Hepliaklqana
Kikubaaqudgha
Makhleb
Nemelex Xobeh
Okawaru
Qazlal
Ru
Sif Muna
Trog
Uskayaw
Vehumet
Xom
Yredelemnul
Zin
The Shining One
Beogh
Jiyva

Shops:
D:6 }*   D:12 }   D:14 *%(?   Orc:2 *[:(   Depths:1 *


Innate Abilities, Weirdness & Mutations

You reflexively headbutt those who attack you in melee.
You have a pair of horns on your head.
You have sharp toenails.
You have supernaturally acute eyesight. (SInv)
You are resistant to hostile enchantments. (MR+)
You evolve.


Message History

Zapping:
w - a wand of heal wounds (3/9)
Press: ? - help, Shift-Dir - straight line, f - you You feel much better.
This wand has 2 charges left.
The vampire knight hits you with a great mace!!
* * * LOW HITPOINT WARNING * * *
The vampire knight misses you.
The vampire knight completely misses you.
The skeletal warrior misses you.
The shadow dragon bites you but does no damage.
The shadow dragon misses you.
The shadow dragon claws you but does no damage.
The shadow dragon misses you. x2
The shadow dragon completely misses you.
The shadow dragon breathes negative energy at you.
The bolt of negative energy hits you! You partially resist.
You feel drained.
The vampire knight hits you with a great mace!
* * * LOW HITPOINT WARNING * * *
The vampire knight misses you.
The vampire knight hits you from afar with a glaive!
You die... ██████ x..*.█ zZZ..█ eVZ÷.█ ███DVZx.█ ████ █)@DVeZ÷█ █..██ █V█DzZp.█

███...███ █.███████
█.......██ ██[(....█
.........█████.......█
█........██..█.....█...█
█........█.........█ ███
..........∩.....████
..>............██


You could see 3 shadow dragons, 3 vampire knights, 2 deep elf death magi, 2
skeletal warriors, a vampire mage, a necromancer, 2 small abominations, a lost
soul, a fire dragon zombie, a spriggan berserker zombie, a spriggan defender
zombie, a fire giant zombie, a tengu reaver zombie and an ice dragon skeleton.

Vanquished Creatures
  Rupert (D:13)
  A lich (Depths:1)
  An Ice Fiend (IceCv)
  The ghost of HUIXAX the Warrior, an adept MiFi of Ashenzari (Swamp:3)
  3 thorn hunters
  2 shadow dragons (Depths:1)
  Donald (Swamp:1)
  Kirke (Lair:5)
  The ghost of emikaela the Spry, a journeyman DDIE of Makhleb (Lair:4)
  2 orc warlords
  The ghost of Zorot the Grappler, a journeyman TrMo of Cheibriados (Lair:4)
  The ghost of feelmyfire the Sorcerer, a journeyman DECj of Vehumet (D:14)
  A very ugly thing (Swamp:4)
  The ghost of Philosophy the Cleaver, a journeyman HOFi of Beogh (Lair:6)
  Nessos (Lair:4)
  2 fire dragons (D:15)
  An ettin (Orc:1)
  A deep elf death mage (Depths:1)
  Josephine (Orc:1)
  A naga warrior (Snake:1)
  Harold (Lair:1)
  An ice dragon (D:15)
  The ghost of RudyRod the Blocker, a journeyman DrFi of Okawaru (D:11)
  A catoblepas (Lair:6)
  4 vault guards (D:13)
  26 hydras
  An anaconda (Snake:1)
  A dancing weapon (Volcano)
  5 alligators
  5 centaur warriors
  12 death yaks
  A tengu warrior (D:15)
  Urug (Lair:4)
  3 orc high priests (Orc:2)
  A deep troll shaman (Lair:6)
  A shock serpent (Snake:1)
  Sonja (D:15)
  Nergalle (D:11)
  2 spriggan druids (Swamp:4)
  5 unseen horrors
  2 skeletal warriors (Depths:1)
  12 swamp dragons
  A flayed ghost (Depths:1)
  5 hill giants
  2 lindwurms (Lair:6)
  6 wizards
  Pikel (D:9)
  A wolf spider zombie (D:14)
  A shambling mangrove (Swamp:3)
  A naga ritualist (Snake:1)
  2 deep elf magi
  6 orc knights
  3 mana vipers (Snake:1)
  3 manticores
  17 ugly things
  An orc sorcerer (Orc:2)
  2 cyclopes
  10 elephants (Lair:6)
  5 toenail golems (Volcano)
  11 black mambas
  13 spiny frogs
  Joseph (D:8)
  A black mamba (shapeshifter) (D:13)
  3 kobold demonologists
  2 gargoyles
  2 centaur skeletons
  2 guardian serpents (Snake:1)
  5 komodo dragons
  2 rime drakes
  4 demonic crawlers
  6 ice devils (IceCv)
  5 freezing wraiths (IceCv)
  4 anaconda simulacra (IceCv)
  4 polar bears
  3 tengu conjurers (D:15)
  3 meliai (D:15)
  6 hornets
  3 two-headed ogres
  8 trolls
  2 tyrant leeches
  A bog body (Swamp:4)
  13 blink frogs
  4 hippogriffs
  6 dream sheep (Lair:5)
  15 slime creatures
  2 centaur simulacra
  5 spriggans
  34 yaks
  5 wraiths (Orc:1)
  3 shadows
  3 hogs (Lair:5)
  The ghost of nht the Bolt Thrower, an amateur MiHu (D:3)
  4 wyverns
  4 dire elephant simulacra (IceCv)
  Eustachio (D:5)
  3 basilisks
  2 hungry ghosts
  A mottled dragon (D:12)
  4 nagas
  A harpy simulacrum (IceCv)
  32 vampire mosquitoes
  8 wargs
  A death yak simulacrum (IceCv)
  3 insubstantial wisps (Swamp:3)
  Edmund (D:5)
  15 swamp worms
  3 iron troll simulacra (IceCv)
  11 water moccasins
  6 porcupines
  13 swamp drakes
  41 orc warriors
  7 ice beasts
  A necrophage (D:12)
  A hornet zombie (D:15)
  A large abomination (Abyss:2)
  4 sky beasts
  4 black bears
  21 ogres
  4 phantoms
  A slave (D:9)
  3 ettin simulacra (IceCv)
  5 eyes of draining
  9 centaurs
  16 wolves
  8 crocodiles
  4 big kobolds
  16 bullfrogs
  A wyvern zombie (D:12)
  A wyvern skeleton (D:10)
  6 scorpions
  13 killer bees
  2 electric eels (Lair:5)
  12 wights
  2 vampire bats (D:8)
  5 howler monkeys
  4 crimson imps
  A draconian simulacrum (IceCv)
  3 quasits
  2 bullfrog zombies
  3 centaur zombies
  6 hounds
  7 jellies
  13 orc priests
  28 orc wizards
  2 bullfrog skeletons
  An iguana (D:4)
  9 worker ants
  A polar bear simulacrum (IceCv)
  3 troll simulacra (IceCv)
  A wolf simulacrum (IceCv)
  A spriggan simulacrum (IceCv)
  A hound skeleton (D:10)
  A worker ant zombie (D:5)
  8 gnolls
  7 adders
  A howler monkey skeleton (D:9)
  2 naga simulacra (IceCv)
  3 ogre simulacra (IceCv)
  4 river rats (D:8)
  5 shadow imps
  5 white imps (IceCv)
  3 ufetubi (IceCv)
  An adder zombie (D:9)
  2 worms
  4 dart slugs
  7 leopard geckos
  105 orcs
  26 bats
  6 giant cockroaches
  7 goblins
  5 hobgoblins
  11 jackals
  20 kobolds
  5 quokkas
  A ball python (D:2)
  4 frilled lizards
  A jackal zombie (D:5)
  A leopard gecko skeleton (D:4)
  19 rats
  6 briar patches (Swamp:2)
  A crawling corpse (Depths:1)
  10 fungi
  5 plants
1035 creatures vanquished.

Vanquished Creatures (others)
  2 water elementals (Depths:1)
  An orc wizard (D:15)
  2 white imps (IceCv)
  A quokka (D:9)
  2 briar patches
  16 fungi
  6 plants
  2 toadstools (Swamp:2)
32 creatures vanquished.

Grand Total: 1067 creatures vanquished

Notes
Turn   | Place    | Note
-------+----------+-------------------------------------------
     0 | D:1      | nht the Minotaur Hunter began the quest for the Orb.
     0 | D:1      | Reached XP level 1. HP: 18/18 MP: 0/0
   159 | D:1      | Reached XP level 2. HP: 25/25 MP: 1/1
   207 | D:1      | Reached skill level 5 in Crossbows
   716 | D:2      | Reached XP level 3. HP: 26/30 MP: 2/2
  1066 | D:2      | Gained mutation: You regenerate slowly when monsters are visible. [potion of mutation]
  1066 | D:2      | Gained mutation: You evolve. [potion of mutation]
  1073 | D:2      | Reached XP level 4. HP: 24/37 MP: 3/3
  1347 | D:3      | Noticed nht's ghost (amateur MiHu)
  1475 | D:3      | Reached XP level 5. HP: 35/42 MP: 4/4
  1507 | D:3      | Killed nht's ghost
  1507 | D:3      | Reached XP level 6. HP: 50/50 MP: 5/5
  1935 | D:4      | Got a blackened dagger
  1937 | D:4      | Identified the +10 dagger "Giqorood" {flame, rC- MR- Dex+10 SInv} (You found it on level 4 of the Dungeon)
  2058 | D:4      | Reached XP level 7. HP: 17/56 MP: 6/6
  2622 | D:4      | Found a staircase to the Ecumenical Temple.
  2630 | Temple   | Entered the Ecumenical Temple
  2801 | Temple   | Became a worshipper of Warmaster Okawaru
  2927 | D:4      | Reached skill level 10 in Crossbows
  3282 | D:5      | Entered Level 5 of the Dungeon
  3370 | D:5      | Reached * piety under Okawaru
  3376 | D:5      | Reached skill level 5 in Fighting
  3408 | D:5      | Noticed Eustachio
  3413 | D:5      | Killed Eustachio
  3413 | D:5      | Reached XP level 8. HP: 37/70 MP: 7/7
  3506 | D:5      | Found a burning altar of Makhleb.
  3545 | D:5      | Noticed Edmund
  3558 | D:5      | Killed Edmund
  3690 | D:5      | Reached skill level 2 in Axes
  3763 | D:5      | Reached skill level 3 in Axes
  3850 | D:5      | Reached skill level 4 in Axes
  4037 | D:6      | Found Ajul's Gadget Emporium.
  4058 | D:6      | Reached skill level 5 in Axes
  4081 | D:6      | Found a snail-covered altar of Cheibriados.
  4444 | D:6      | Identified a scroll of acquirement
  4596 | D:6      | Reached ** piety under Okawaru
  4596 | D:6      | Reached skill level 6 in Axes
  4947 | D:6      | Reached XP level 9. HP: 79/79 MP: 8/8
  4950 | D:6      | Found Nititaro's Assorted Antiques.
  4977 | D:6      | Reached skill level 7 in Axes
  5243 | D:6      | Gained mutation: You are resistant to hostile enchantments. (MR+) [evolution]
  5375 | D:6      | Reached skill level 8 in Axes
  5767 | D:7      | Reached skill level 9 in Axes
  6122 | D:7      | Reached skill level 10 in Axes
  6568 | D:8      | Reached *** piety under Okawaru
  6610 | D:8      | Reached skill level 11 in Axes
  7059 | D:8      | Reached XP level 10. HP: 63/86 MP: 9/9
  7062 | D:8      | Reached skill level 12 in Axes
  7239 | D:8      | Found a sparkling altar of Nemelex Xobeh.
  7277 | D:8      | Noticed Joseph
  7472 | D:8      | Killed Joseph
  7671 | D:8      | Reached **** piety under Okawaru
  7856 | D:8      | Found a roughly hewn altar of Beogh.
  7863 | D:8      | Reached skill level 13 in Axes
  7913 | D:8      | Received a gift from Okawaru
  7915 | D:8      | Found a staircase to the Lair.
  8061 | Lair:1   | Entered Level 1 of the Lair of Beasts
  8069 | Lair:1   | Received a gift from Okawaru
  8092 | Lair:1   | Noticed a spiny frog
  8100 | Lair:1   | Killed a spiny frog
  8100 | Lair:1   | Reached skill level 14 in Axes
  8540 | Lair:1   | Noticed a black mamba
  8548 | Lair:1   | Killed a black mamba
  8548 | Lair:1   | Received a gift from Okawaru
  8585 | Lair:1   | Reached skill level 15 in Axes
  8614 | Lair:1   | Found a white marble altar of Elyvilon.
  8630 | Lair:1   | Noticed Harold
  8638 | Lair:1   | Killed Harold
  8638 | Lair:1   | Reached XP level 11. HP: 41/92 MP: 7/10
  8777 | Lair:1   | Reached ***** piety under Okawaru
  9396 | Lair:2   | Noticed a six-headed hydra
  9449 | Lair:1   | Received a gift from Okawaru
  9450 | Lair:1   | Reached skill level 16 in Axes
  9934 | Lair:2   | Killed a six-headed hydra
  9934 | Lair:2   | Received a gift from Okawaru
  9935 | Lair:2   | Got a bloodstained ring mail {god gift}
 10006 | Lair:2   | HP: 4/92 [komodo dragon (21)]
 10349 | Lair:2   | Found a staircase to the Swamp.
 10727 | Lair:2   | Identified the +5 ring mail of Yleti {rF+ MP+9 Str+5 Dex-2} (Okawaru gifted it to you on level 2 of the Lair of Beasts)
 10751 | Lair:2   | Reached skill level 1 in Armour
 11205 | Lair:3   | Found a staircase to the Snake Pit.
 11409 | Lair:3   | Gained mutation: You have sharp toenails. [evolution]
 11989 | Lair:4   | Noticed Urug
 12002 | Lair:4   | Killed Urug
 12002 | Lair:4   | Reached skill level 17 in Axes
 12002 | Lair:4   | Reached skill level 1 in Invocations
 12066 | Lair:4   | Noticed Zorot's ghost (journeyman TrMo)
 12075 | Lair:4   | Killed Zorot's ghost
 12095 | Lair:4   | Noticed a death yak
 12099 | Lair:4   | Noticed a death yak
 12112 | Lair:4   | Killed a death yak
 12115 | Lair:4   | Killed a death yak
 12115 | Lair:4   | Reached XP level 12. HP: 67/102 MP: 12/12
 12118 | Lair:4   | Noticed a death yak
 12118 | Lair:4   | Noticed emikaela's ghost (journeyman DDIE)
 12312 | Lair:5   | Found a viscous altar of Jiyva.
 12312 | Lair:5   | Found a staircase to the Slime Pits.
 12818 | Lair:5   | Got an encrusted great sword
 12908 | Lair:5   | Noticed an eight-headed hydra
 12910 | Lair:5   | Noticed Kirke
 12964 | Lair:5   | Received a gift from Okawaru
 13011 | Lair:5   | Reached skill level 5 in Dodging
 13379 | Lair:5   | Noticed a five-headed hydra
 13402 | Lair:5   | Killed a five-headed hydra
 13402 | Lair:5   | Reached skill level 5 in Armour
 13444 | Lair:5   | Received a gift from Okawaru
 13476 | Lair:5   | Killed Kirke
 13476 | Lair:5   | Received a gift from Okawaru
 13476 | Lair:5   | Reached skill level 18 in Axes
 13477 | Lair:5   | Got a bronze ring mail {god gift}
 13856 | Lair:5   | Killed an eight-headed hydra
 14085 | Lair:6   | Entered Level 6 of the Lair of Beasts
 14411 | Lair:5   | Identified the +5 ring mail of the Swamp {+Blink Str+2 Int+4 SInv} (Okawaru gifted it to you on level 5 of the Lair of Beasts)
 14460 | Lair:6   | Noticed Philosophy's ghost (journeyman HOFi)
 14486 | Lair:6   | Killed Philosophy's ghost
 14486 | Lair:6   | Reached skill level 5 in Invocations
 14503 | Lair:6   | Noticed a death yak
 14504 | Lair:6   | Noticed a death yak
 14718 | Lair:6   | Killed a death yak
 14910 | Lair:6   | Noticed a death yak
 14910 | Lair:6   | Noticed a death yak
 14911 | Lair:6   | Noticed a death yak
 14927 | Lair:6   | Reached XP level 13. HP: 93/111 MP: 15/15
 14937 | Lair:6   | Reached ****** piety under Okawaru
 15048 | Lair:6   | Reached skill level 10 in Fighting
 15874 | Lair:6   | Received a gift from Okawaru
 16138 | Lair:6   | Reached skill level 19 in Axes
 16173 | Lair:6   | Received a gift from Okawaru
 16942 | Lair:4   | Killed emikaela's ghost
 17239 | Lair:4   | Noticed Nessos
 17254 | Lair:4   | Reached XP level 14. HP: 85/122 MP: 11/18
 17269 | Lair:4   | Killed Nessos
 17679 | D:9      | Noticed Pikel
 17684 | D:9      | Killed Pikel
 18062 | D:10     | Entered Level 10 of the Dungeon
 19366 | D:11     | Received a gift from Okawaru
 19525 | D:11     | Noticed RudyRod's ghost (journeyman DrFi)
 19650 | D:11     | Reached skill level 20 in Axes
 19876 | D:11     | Killed RudyRod's ghost
 19876 | D:11     | Received a gift from Okawaru
 19931 | D:11     | Noticed Nergalle
 19940 | D:11     | Killed Nergalle
 20412 | D:12     | Reached skill level 10 in Armour
 20516 | D:12     | Gained mutation: You have supernaturally acute eyesight. (SInv) [evolution]
 20581 | D:12     | Found a staircase to the Orcish Mines.
 20717 | D:12     | Received a gift from Okawaru
 21133 | D:12     | Found Qerrus's Gadget Emporium.
 21288 | D:13     | Received a gift from Okawaru
 21350 | D:13     | Found a gate to the Vaults.
 21380 | D:13     | Received a gift from Okawaru
 21393 | D:13     | Got a pair of dazzling boots {god gift}
 21399 | D:13     | Identified the +0 pair of boots of Pomamad {*Contam Int+4 Dex+4} (Okawaru gifted it to you on level 13 of the Dungeon)
 21752 | D:13     | Noticed Rupert
 21769 | D:13     | Killed Rupert
 21769 | D:13     | Reached skill level 10 in Invocations
 22116 | Orc:1    | Entered Level 1 of the Orcish Mines
 22137 | Orc:1    | Reached XP level 15. HP: 93/129 MP: 19/21
 22138 | Orc:1    | Noticed an orc warlord
 22157 | Orc:1    | Killed an orc warlord
 22231 | Orc:1    | Found a roughly hewn altar of Beogh.
 22262 | Orc:1    | Found a dark tunnel.
 22383 | Volcano  | Entered a volcano
 22918 | Orc:1    | Lost mutation: You regenerate slowly when monsters are visible. [evolution]
 22960 | Orc:1    | Noticed Josephine
 22980 | Orc:1    | Killed Josephine
 22990 | Orc:1    | Received a gift from Okawaru
 23014 | Orc:1    | Found a roughly hewn altar of Beogh.
 23158 | Orc:2    | Entered Level 2 of the Orcish Mines
 23160 | Orc:2    | Found Xaku's Antique Armour Emporium.
 23359 | Orc:2    | Noticed an orc warlord
 23379 | Orc:2    | Killed an orc warlord
 23379 | Orc:2    | Received a gift from Okawaru
 23385 | Orc:2    | Found Mavuras's Book Shop.
 23705 | Orc:2    | Found Xeus's General Store.
 23745 | Orc:2    | Bought a scroll of identify for 24 gold pieces
 23745 | Orc:2    | Bought a scroll of identify for 24 gold pieces
 23745 | Orc:2    | Bought a scroll of recharging for 114 gold pieces
 23760 | Orc:2    | Found a staircase to the Elven Halls.
 23781 | Orc:2    | Found Huky's Antique Weapon Emporium.
 24218 | Swamp:1  | Entered Level 1 of the Swamp
 24299 | Snake:1  | Entered Level 1 of the Snake Pit
 24357 | Snake:1  | Received a gift from Okawaru
 24972 | Snake:1  | these will be problematic
 25759 | Orc:2    | Bought a +2 battleaxe of flaming for 284 gold pieces
 26222 | Swamp:1  | Noticed Donald
 26233 | Swamp:1  | Killed Donald
 26859 | Swamp:2  | Noticed a thorn hunter
 26938 | Swamp:2  | Received a gift from Okawaru
 26939 | Swamp:2  | Got a bloodstained hand crossbow {god gift}
 26943 | Swamp:1  | Identified the +6 hand crossbow of the Unliving {flame, rPois} (Okawaru gifted it to you on level 2 of the Swamp)
 27179 | Swamp:2  | Killed a thorn hunter
 27179 | Swamp:2  | Reached XP level 16. HP: 55/143 MP: 20/22
 28101 | Swamp:3  | Noticed a thorn hunter
 28113 | Swamp:3  | Killed a thorn hunter
 28539 | Swamp:3  | Noticed HUIXAX's ghost (adept MiFi)
 28582 | Swamp:3  | Killed HUIXAX's ghost
 28582 | Swamp:3  | Received a gift from Okawaru
 28583 | Swamp:3  | Got a fine scale mail {god gift}
 29497 | Swamp:4  | Entered Level 4 of the Swamp
 29508 | Swamp:4  | Noticed a thorn hunter
 29542 | Swamp:4  | Killed a thorn hunter
 29549 | Swamp:4  | Found a frozen archway.
 29562 | IceCv    | Entered an ice cave
 29590 | IceCv    | Identified the +2 scale mail of Mirth {rPois} (Okawaru gifted it to you on level 3 of the Swamp)
 29922 | IceCv    | Noticed an Ice Fiend
 30296 | IceCv    | Reached skill level 15 in Crossbows
 30676 | IceCv    | Identified the Volume of Earthen Execration
 31176 | IceCv    | Killed an Ice Fiend
 31176 | IceCv    | Received a gift from Okawaru
 31381 | IceCv    | Got a pair of scorched gloves
 31392 | IceCv    | Identified the cursed +0 pair of gloves of Hepliaklqana's Scorn {rCorr Dex+2} (You found it in an ice cave)
 31393 | IceCv    | Got an ichor-stained ring mail
 31428 | Swamp:4  | Identified the cursed +1 ring mail of Impressiveness {Regen+} (You found it in an ice cave)
 31540 | Swamp:4  | Got a brightly glowing marble ring
 31562 | Swamp:4  | Identified the ring of Mosimid {+Fly SInv} (You found it on level 4 of the Swamp)
 32103 | Swamp:4  | Got a decaying rune of Zot
 32780 | D:14     | Found Wampiz's Weapon Emporium.
 32781 | D:14     | Noticed feelmyfire's ghost (journeyman DECj)
 32789 | D:14     | Killed feelmyfire's ghost
 32789 | D:14     | Reached XP level 17. HP: 149/149 MP: 23/23
 32795 | D:14     | Found Pooxzok's Food Boutique.
 32841 | D:14     | Found Puituck's Magic Scroll Emporium.
 32849 | D:14     | Bought a scroll of blinking for 120 gold pieces
 32849 | D:14     | Bought a scroll of magic mapping for 56 gold pieces
 32849 | D:14     | Bought a scroll of recharging for 152 gold pieces
 32951 | D:14     | Found Moocogaf's General Store.
 33028 | D:14     | Received a gift from Okawaru
 33611 | D:15     | Entered Level 15 of the Dungeon
 33611 | D:15     | Noticed Sonja
 33617 | D:15     | Cast into level 2 of the Abyss (Sonja)
 33627 | Abyss:2  | Found a shadowy altar of Dithmenos.
 33636 | Abyss:2  | Found a shadowy altar of Dithmenos.
 33729 | D:15     | Escaped the Abyss
 33780 | D:15     | Killed Sonja
 34105 | D:15     | Received a gift from Okawaru
 34536 | D:15     | Received a gift from Okawaru
 34631 | D:15     | Found a staircase to the Depths.
 35050 | Depths:1 | Entered Level 1 of the Depths
 35111 | Depths:1 | Received a gift from Okawaru
 35130 | Depths:1 | Found Tolats's General Store.
 35149 | Depths:1 | Bought a scroll of blinking for 172 gold pieces
 35409 | Depths:1 | Noticed a lich
 35414 | Depths:1 | Received a gift from Okawaru
 35433 | Depths:1 | Killed a lich
 35439 | Depths:1 | Reached skill level 15 in Armour
 35441 | Depths:1 | Received a gift from Okawaru
 35454 | Depths:1 | HP: 5/149 [vampire knight/great mace (17)]
 35454 | Depths:1 | Slain by a vampire knight

Skill      XL: |  1  2  3  4  5  6  7  8  9 10 11 12 13 14 15 16 17 |
---------------+----------------------------------------------------+-----
Crossbows      | 5 6 7 8 9 10 12 17 18 | 18.4
Fighting       | 6 7 8 9 10 11 13 | 13.0
Axes           | 6 11 15 17 18 19 20 | 20.0
Armour         | 4 6 8 12 14 15 | 15.1
Dodging        | 4 6 7 |  7.7
Invocations    | 2 5 7 10 | 10.0
Stealth        | |  0.7

Action                   |  1- 3 |  4- 6 |  7- 9 | 10-12 | 13-15 | 16-18 || total
-------------------------+-------+-------+-------+-------+-------+-------++-------
Melee: Whip              |    28 |    29 |       |       |       |       ||    57
       Headbutt          |     6 |     6 |    58 |    69 |   250 |   182 ||   571
       Halberd           |       |    69 |    15 |       |       |       ||    84
       Dagger            |       |       |    64 |       |       |       ||    64
       Quarterstaff      |       |       |   127 |       |       |       ||   127
       Battleaxe         |       |       |   134 |   361 |  1132 |   692 ||  2319
       Kick              |       |       |       |    53 |   167 |       ||   220
 Fire: Hand crossbow     |    62 |    28 |    11 |    53 |    82 |     9 ||   245
       Longbow           |       |       |     2 |       |       |       ||     2
       Arbalest          |       |       |       |       |    33 |   144 ||   177
Invok: Heroism           |       |       |     3 |     8 |    24 |    10 ||    45
       Finesse           |       |       |       |       |     5 |     5 ||    10
Evoke: Wand              |       |       |     5 |    33 |    28 |    23 ||    89
  Use: Potion            |     3 |     5 |     3 |     6 |     3 |     9 ||    29
       Scroll            |       |     4 |    13 |     9 |    10 |    12 ||    48
 Stab: Sleeping          |       |     1 |     2 |     1 |       |       ||     4
       Distracted        |       |       |     1 |       |       |       ||     1
       Invisible         |       |       |     1 |       |       |       ||     1
  Eat: Chunk             |       |     4 |    15 |    19 |    37 |    16 ||    91
       Beef jerky        |       |       |     1 |     2 |     4 |       ||     7
       Pizza             |       |       |       |     2 |     1 |     1 ||     4
       Fruit             |       |       |       |       |     1 |    13 ||    14
Armor: Leather armour    |     8 |    14 |   107 |       |       |       ||   129
       Skin              |       |    31 |       |       |       |       ||    31
       Plate armour      |       |       |    21 |    35 |       |       ||    56
       Chain mail        |       |       |       |    28 |    87 |    62 ||   177
       Ring mail         |       |       |       |    60 |    44 |       ||   104
       Crystal plate arm |       |       |       |       |   491 |   453 ||   944
Dodge: Dodged            |    27 |    56 |   203 |   164 |   451 |   353 ||  1254
